Map: [ESL] Radhuset Station

Players

Bly

  • Race: Zerg Zerg
  • Spawn Location: 7:00

SKillous - Winner!

  • Race: Protoss Protoss
  • Spawn Location: 1:00

Event: ESL SC2 Masters 2023 Winter (Regional)

VOD

Have the link to the VOD?

Description

Time

  • Played on: Nov. 10, 2023, 11:43 a.m.
  • Length: 10:30

All games in this series

Show
View Real Time Build Order
Export as new Build Order

Bly Zerg 

Build Orders: 3 Hatch before Pool, Swarm Host 

Get SALT Encoding   

  12  0:00  Drone  
  13  0:11  Overlord  
  13  0:17  Drone  
  14  0:30  Drone x2  
  16  0:43  Drone  
  17  1:00  Hatchery  
  17  1:01  Evolution Chamber  
  16  1:04  Hatchery  
  16  1:09  Drone  
  16  1:12  Drone  
  16  1:16  Drone  
  18  1:25  Extractor  
  18  1:32  Spawning Pool  
  16  1:35  Drone  
  16  1:38  Drone  
  18  1:43  Drone  
  19  1:56  Drone  
  20  2:05  Overlord  
  20  2:19  Queen x2  
  20  2:20  Zergling x2  
  20  2:21  Zergling x2  
  26  2:27  Drone x2  
  28  2:33  Metabolic Boost  
  28  2:36  Drone  
  29  2:39  Drone  
  30  2:49  Zergling x2  
  31  2:52  Drone  
  32  2:59  Queen  
  32  3:01  Overlord  
  34  3:07  Drone  
  34  3:12  Lair  
  34  3:28  Drone x4  
  34  3:29  Drone  
  37  3:35  Queen  
  38  3:42  Drone x5  
  43  3:54  Overlord  
  43  3:57  Overlord  
  43  3:59  Extractor  
  43  4:00  Extractor  
  41  4:03  Overlord  
  41  4:08  Spore Crawler  
  41  4:09  Spore Crawler, Overlord  
  39  4:14  Drone x3  
  42  4:18  Drone x2  
  42  4:19  Drone  
  45  4:25  Zergling x6  
  45  4:27  Zergling x2  
  49  4:40  Drone x3  
  49  4:41  Drone x4  
  49  4:44  Extractor  
  55  4:54  Infestation Pit  
  55  4:55  Nydus Network  
  55  4:57  Drone x2  
  55  5:05  Drone x3  
  57  5:07  Overlord  
  57  5:09  Drone  
  57  5:10  Drone  
  57  5:12  Overlord  
  59  5:20  Overlord  
  58  5:26  Overlord x2  
  58  5:33  Nydus Canal  
  58  5:36  Swarm Host x3  
  58  5:38  Swarm Host  
  70  5:49  Nydus Canal  
  69  5:59  Swarm Host x4  
  81  6:10  Nydus Canal  
  81  6:14  Zergling x14  
  88  6:20  Hatchery  
  87  6:27  Nydus Canal  
  87  6:31  Queen x2  
  90  6:42  Nydus Canal  
  90  6:48  Overlord  
  90  6:49  Zergling x2  
  90  6:50  Zergling x12  
  97  6:58  Roach Warren  
  97  7:01  Overlord x2  
  92  7:11  Nydus Canal  
  91  7:24  Swarm Host x4  
  100  7:33  Drone x3  
  103  7:37  Evolution Chamber  
  103  7:42  Nydus Canal  
  99  7:46  Drone x3  
  102  7:58  Nydus Canal  
  101  8:02  Zerg Melee Weapons Level 1  
  101  8:04  Drone x7, Hatchery  
  107  8:11  Glial Reconstitution  
  106  8:16  Spire  
  104  8:20  Drone x6  
  103  8:34  Extractor  
  103  8:35  Drone x7, Spore Crawler  
  103  8:36  Extractor  
  103  8:37  Nydus Canal  
  109  8:48  Roach x5  
  109  8:49  Roach x2, Overlord  
  121  9:01  Nydus Canal  
  120  9:10  Zergling x18, Roach  
  129  9:21  Zergling x14  
  134  9:28  Zergling x8  
  134  9:35  Overlord x5  
  131  9:41  Overlord x2  
  122  9:54  Roach x6  
  132  10:01  Ravager x5  
  132  10:02  Nydus Canal  
  137  10:09  Roach x8  
Show
View Real Time Build Order
Export as new Build Order

SKillous Protoss - Winner!

Build Orders: 1 Gate Expand, Oracle Opening 

Get SALT Encoding   

  12  0:00  Probe  
  13  0:12  Probe  
  14  0:19  Pylon  
  14  0:24  Probe  
  15  0:37  Probe (Chrono Boost)  
  15  0:40  Gateway  
  16  0:46  Probe (Chrono Boost)  
  16  0:47  Assimilator  
  17  0:51  Probe (Chrono Boost)  
  18  1:03  Probe  
  19  1:15  Probe  
  20  1:31  Nexus  
  20  1:41  Cybernetics Core  
  20  1:44  Probe  
  21  1:51  Assimilator  
  21  1:57  Probe  
  21  1:59  Pylon  
  22  2:09  Probe  
  23  2:16  Adept (Chrono Boost)  
  23  2:21  Probe (Chrono Boost)  
  26  2:28  Stargate  
  26  2:33  Probe (Chrono Boost)  
  27  2:37  Warp Gate  
  27  2:40  Adept  
  27  2:43  Probe (Chrono Boost)  
  30  2:46  Probe (Chrono Boost)  
  31  2:55  Probe x2 (Chrono Boost)  
  33  3:02  Probe  
  33  3:03  Probe  
  39  3:14  Probe  
  39  3:15  Void Ray (Chrono Boost)  
  40  3:22  Probe  
  40  3:26  Probe  
  42  3:34  Probe  
  42  3:40  Probe  
  42  3:43  Pylon  
  42  3:48  Oracle  
  45  3:51  Probe  
  45  3:52  Gateway  
  46  3:56  Twilight Council  
  46  4:01  Probe  
  47  4:11  Nexus  
  47  4:14  Shield Battery  
  47  4:15  Probe  
  48  4:20  Probe  
  49  4:24  Blink (Chrono Boost)  
  49  4:27  Gateway x2  
  49  4:30  Probe  
  50  4:35  Pylon  
  50  4:37  Probe  
  51  4:44  Assimilator, Probe  
  51  4:45  Assimilator  
  52  4:49  Probe  
  53  4:55  Stalker x2  
  53  4:56  Probe  
  58  5:01  Probe  
  59  5:07  Forge  
  59  5:08  Probe  
  59  5:12  Pylon  
  59  5:13  Probe  
  61  5:20  Probe  
  62  5:22  Stalker x2  
  62  5:23  Probe  
  62  5:25  Probe  
  62  5:28  Stalker  
  70  5:30  Stalker  
  70  5:33  Probe  
  73  5:35  Probe  
  73  5:36  Protoss Ground Weapons Level 1 (Chrono Boost)  
  73  5:40  Pylon  
  73  5:41  Probe  
  75  5:45  Probe  
  76  5:57  Stalker x4  
  78  6:01  Probe  
  85  6:04  Gateway  
  85  6:07  Gateway  
  85  6:11  Probe  
  86  6:14  Probe  
  86  6:15  Pylon  
  86  6:17  Oracle (Chrono Boost)  
  87  6:19  Photon Cannon, Shield Battery  
  87  6:24  Probe  
  91  6:29  Probe  
  91  6:30  Probe  
  93  6:35  Stalker x3  
  93  6:36  Stalker  
  93  6:39  Pylon  
  101  6:56  Charge  
  101  6:59  Forge  
  101  7:00  Dark Shrine  
  101  7:03  Nexus  
  101  7:05  Pylon  
  101  7:09  Photon Cannon  
  101  7:12  Pylon  
  101  7:22  Oracle  
  88  7:27  Stalker x5  
  88  7:28  Probe  
  97  7:31  Probe  
  97  7:33  Probe  
  97  7:36  Protoss Ground Weapons Level 2 (Chrono Boost)  
  99  7:38  Protoss Ground Armor Level 1 (Chrono Boost)  
  99  7:39  Shield Battery  
  99  7:41  Probe  
  100  7:47  Probe  
  99  7:56  Oracle (Chrono Boost)  
  99  7:57  Probe x2  
  100  7:59  Photon Cannon  
  103  8:06  Probe  
  103  8:09  Shield Battery, Probe  
  103  8:11  Pylon  
  105  8:14  Stalker x2  
  105  8:18  Pylon, Probe  
  110  8:20  Shadow Stride  
  110  8:26  Stalker x3  
  116  8:27  Probe  
  117  8:35  Probe  
  117  8:38  Assimilator  
  117  8:39  Probe  
  117  8:41  Assimilator  
  119  8:44  Zealot  
  119  8:46  Probe  
  119  8:47  Pylon  
  122  8:52  Stalker x4  
  130  9:01  Gateway  
  130  9:02  Oracle  
  133  9:03  Gateway  
  133  9:05  Zealot x2  
  137  9:16  Stalker x3  
  143  9:20  Probe (Chrono Boost)  
  143  9:21  Probe (Chrono Boost)  
  143  9:22  Probe (Chrono Boost)  
  132  9:26  Probe (Chrono Boost)  
  131  9:32  Photon Cannon, Probe (Chrono Boost)  
  131  9:34  Probe (Chrono Boost)  
  134  9:38  Probe (Chrono Boost)  
  134  9:40  Probe (Chrono Boost)  
  134  9:41  Probe (Chrono Boost)  
  134  9:42  Oracle, Probe (Chrono Boost)  
  140  9:52  Probe (Chrono Boost)  
  139  9:57  Probe (Chrono Boost)  
  139  9:59  Probe (Chrono Boost)  
  142  10:02  Photon Cannon  
  142  10:05  Probe (Chrono Boost)  
  142  10:06  Shield Battery, Probe (Chrono Boost)  
  143  10:12  Stalker x6  
Tags
 
Add a new tag
Caveats
  • Supply blocks, unpowered buildings, or Contaminate may cause inaccurate times.
  • Supply counts are checked every 10 seconds.